Map: Distant Plane

Players

guiguicool

  • Race: Protoss Protoss
  • Spawn Location: 5:00

Shadow

  • Race: Protoss Protoss
  • League: Gold
  • Spawn Location: 5:00

Crispymold

  • Race: Protoss Protoss
  • League: Silver
  • Spawn Location: 11:00

Anguish

  • Race: Protoss Protoss
  • League: Silver
  • Spawn Location: 11:00

VOD

Have the link to the VOD?

Description

Time

  • Played on: Dec. 12, 2016, 8:38 p.m.
  • Length: 10:21
Show
View Real Time Build Order
Export as new Build Order

guiguicool Protoss 

Build Orders:  

Get SALT Encoding   

  12  0:02  Probe (Chrono Boost)  
  13  0:13  Probe (Chrono Boost)  
  14  0:25  Probe (Chrono Boost)  
  15  0:29  Pylon  
  15  0:37  Assimilator  
  15  0:48  Probe (Chrono Boost)  
  16  0:58  Probe (Chrono Boost)  
  17  1:08  Nexus  
  17  1:14  Probe (Chrono Boost)  
  18  1:24  Probe (Chrono Boost)  
  19  1:30  Assimilator  
  19  1:35  Gateway  
  19  1:38  Probe (Chrono Boost)  
  20  1:48  Probe (Chrono Boost)  
  21  1:59  Probe (Chrono Boost)  
  22  2:17  Probe (Chrono Boost)  
  22  2:21  Probe (Chrono Boost)  
  24  2:26  Cybernetics Core  
  24  2:31  Probe (Chrono Boost)  
  25  2:38  Probe (Chrono Boost)  
  25  2:42  Probe (Chrono Boost)  
  27  2:44  Assimilator  
  27  2:47  Assimilator  
  27  2:48  Probe (Chrono Boost)  
  28  3:01  Probe (Chrono Boost)  
  28  3:02  Probe (Chrono Boost)  
  30  3:07  Pylon  
  30  3:12  Probe (Chrono Boost)  
  32  3:13  Probe (Chrono Boost)  
  32  3:27  Stargate  
  32  3:28  Stargate  
  32  3:30  Stargate  
  32  3:33  Probe (Chrono Boost)  
  32  3:34  Probe (Chrono Boost)  
  34  3:43  Probe (Chrono Boost)  
  34  3:44  Probe (Chrono Boost)  
  36  3:50  Pylon  
  36  3:53  Pylon  
  36  3:55  Pylon, Probe (Chrono Boost)  
  37  3:56  Probe (Chrono Boost)  
  38  4:06  Probe (Chrono Boost)  
  38  4:07  Probe (Chrono Boost)  
  40  4:27  Void Ray x3  
  40  4:30  Probe (Chrono Boost)  
  53  4:41  Probe (Chrono Boost)  
  53  4:43  Fleet Beacon  
  54  4:48  Mothership Core (Chrono Boost)  
  56  5:13  Void Ray x3  
  68  5:23  Pylon  
  74  5:50  Pylon  
  74  5:51  Pylon  
  74  5:53  Pylon  
  74  6:08  Void Ray  
  74  6:09  Void Ray x2  
  86  6:51  Void Ray x2  
  86  6:52  Void Ray  
  98  7:18  Pylon  
  98  7:19  Pylon  
  98  7:21  Pylon  
  92  7:23  Pylon  
  92  7:25  Pylon  
  77  7:36  Void Ray x2  
  85  8:19  Void Ray  
  69  8:32  Void Ray  
Show
View Real Time Build Order
Export as new Build Order

Shadow Protoss 

Build Orders: Nexus First 

Get SALT Encoding   

  12  0:03  Probe (Chrono Boost)  
  13  0:17  Probe (Chrono Boost)  
  14  0:27  Probe (Chrono Boost)  
  15  0:39  Pylon  
  15  0:55  Nexus  
  15  1:07  Gateway  
  16  1:11  Probe (Chrono Boost)  
  16  1:21  Probe (Chrono Boost)  
  16  1:22  Assimilator  
  17  1:26  Assimilator  
  17  1:32  Probe (Chrono Boost)  
  18  1:43  Probe (Chrono Boost)  
  19  1:58  Probe (Chrono Boost)  
  20  2:09  Probe (Chrono Boost)  
  20  2:10  Cybernetics Core  
  21  2:19  Probe (Chrono Boost)  
  21  2:22  Probe (Chrono Boost)  
  24  2:30  Probe (Chrono Boost)  
  24  2:33  Probe (Chrono Boost)  
  25  2:39  Pylon  
  25  2:40  Probe (Chrono Boost)  
  26  2:57  Probe (Chrono Boost)  
  26  2:58  Probe (Chrono Boost)  
  28  3:07  Robotics Facility  
  28  3:08  Robotics Facility  
  28  3:11  Stargate  
  28  3:17  Probe (Chrono Boost)  
  28  3:18  Probe (Chrono Boost)  
  28  3:19  Assimilator  
  30  3:23  Assimilator  
  30  3:28  Probe (Chrono Boost)  
  30  3:29  Probe (Chrono Boost)  
  32  3:38  Probe (Chrono Boost), Forge  
  32  3:39  Probe (Chrono Boost)  
  34  3:53  Pylon  
  34  4:04  Immortal x2  
  42  4:18  Fleet Beacon  
  42  4:20  Probe (Chrono Boost)  
  43  4:30  Probe (Chrono Boost)  
  44  4:33  Probe (Chrono Boost)  
  45  4:41  Probe (Chrono Boost)  
  45  4:44  Mothership Core (Chrono Boost)  
  48  4:48  Immortal  
  48  4:51  Probe (Chrono Boost)  
  53  4:54  Protoss Ground Weapons Level 1 (Chrono Boost)  
  53  5:27  Pylon x2  
  53  5:28  Pylon  
  53  5:30  Probe  
  54  5:43  Probe  
  54  5:45  Probe, Immortal x2  
  70  5:54  Probe  
  70  5:56  Carrier (Chrono Boost)  
  77  6:08  Pylon  
  77  6:10  Pylon  
  77  6:14  Pylon  
  77  6:16  Pylon  
  77  6:19  Probe  
  78  6:28  Protoss Shields Level 1 (Chrono Boost)  
  78  6:29  Probe  
  79  6:35  Immortal  
  79  6:39  Immortal  
  87  7:31  Observer x2 (Chrono Boost)  
  64  9:04  Immortal x2 (Chrono Boost)  
Show
View Real Time Build Order
Export as new Build Order

Crispymold Protoss 

Build Orders:  

Get SALT Encoding   

  12  0:03  Probe (Chrono Boost)  
  13  0:13  Probe (Chrono Boost)  
  14  0:21  Pylon  
  14  0:24  Probe (Chrono Boost)  
  15  0:39  Probe (Chrono Boost)  
  15  0:42  Gateway  
  16  0:45  Assimilator  
  16  1:12  Probe (Chrono Boost)  
  16  1:13  Gateway  
  17  1:22  Probe (Chrono Boost)  
  17  1:24  Assimilator  
  18  1:33  Probe (Chrono Boost)  
  18  1:36  Cybernetics Core  
  19  1:43  Probe (Chrono Boost)  
  20  2:09  Nexus  
  20  2:20  Pylon  
  20  2:23  Probe (Chrono Boost)  
  20  2:29  Warp Gate (Chrono Boost)  
  21  2:46  Probe (Chrono Boost)  
  22  2:57  Probe (Chrono Boost)  
  23  3:01  Stargate  
  23  3:04  Pylon  
  23  3:08  Mothership Core (Chrono Boost)  
  25  3:13  Assimilator  
  25  3:19  Assimilator  
  25  3:22  Probe (Chrono Boost)  
  25  3:26  Probe (Chrono Boost)  
  27  3:43  Pylon  
  27  3:52  Void Ray  
  31  4:03  Forge  
  31  4:11  Pylon, Probe  
  32  4:21  Probe  
  32  4:22  Probe  
  34  4:32  Probe  
  35  4:42  Cybernetics Core  
  35  4:43  Probe  
  35  4:44  Pylon  
  36  4:52  Photon Cannon  
  36  4:53  Probe  
  37  5:04  Pylon  
  37  5:20  Nexus  
  37  5:23  Probe  
  37  5:25  Probe  
  39  5:41  Protoss Air Armor Level 1 (Chrono Boost)  
  39  5:48  Protoss Air Weapons Level 1 (Chrono Boost)  
  39  5:51  Probe  
  39  5:53  Probe, Stargate  
  41  6:05  Pylon  
  41  6:06  Probe  
  41  6:07  Probe  
  41  6:09  Pylon  
  43  6:20  Void Ray  
  47  6:37  Assimilator, Probe  
  48  6:41  Assimilator, Probe  
  48  6:42  Probe  
  50  6:48  Probe  
  51  6:58  Probe  
  52  7:06  Stargate, Void Ray  
  56  7:09  Probe  
  56  7:15  Probe  
  57  7:19  Probe  
  59  7:25  Probe  
  60  7:30  Probe  
  60  7:36  Probe  
  61  7:40  Probe  
  63  7:51  Probe  
  63  7:52  Void Ray x2  
  72  8:03  Fleet Beacon  
  72  8:34  Void Ray  
  72  8:35  Void Ray  
  72  8:40  Void Ray  
  46  9:17  Void Ray x2  
  46  9:23  Void Ray  
Show
View Real Time Build Order
Export as new Build Order

Anguish Protoss 

Build Orders: Nexus First, Dark Templar Rush 

Get SALT Encoding   

  12  0:03  Probe (Chrono Boost)  
  13  0:14  Probe (Chrono Boost)  
  14  0:18  Pylon  
  14  0:37  Probe (Chrono Boost)  
  15  0:55  Nexus  
  15  0:59  Probe (Chrono Boost)  
  16  1:10  Gateway  
  16  1:16  Assimilator  
  16  1:23  Assimilator  
  16  1:24  Probe (Chrono Boost)  
  17  1:35  Probe (Chrono Boost)  
  17  1:37  Pylon  
  18  1:45  Probe (Chrono Boost)  
  19  1:56  Probe (Chrono Boost)  
  20  2:03  Cybernetics Core  
  20  2:07  Probe (Chrono Boost)  
  21  2:17  Probe (Chrono Boost)  
  21  2:18  Probe (Chrono Boost)  
  23  2:28  Probe x2 (Chrono Boost)  
  25  2:39  Probe (Chrono Boost)  
  28  2:44  Mothership Core (Chrono Boost)  
  28  2:48  Stalker  
  28  2:49  Probe (Chrono Boost)  
  31  3:00  Probe (Chrono Boost)  
  31  3:04  Warp Gate  
  32  3:09  Twilight Council  
  32  3:10  Probe (Chrono Boost)  
  32  3:11  Pylon  
  33  3:17  Probe (Chrono Boost)  
  34  3:21  Probe (Chrono Boost)  
  35  3:28  Probe (Chrono Boost)  
  35  3:31  Pylon, Probe (Chrono Boost)  
  35  3:33  Zealot  
  39  3:38  Probe (Chrono Boost)  
  40  3:49  Probe (Chrono Boost)  
  40  3:51  Dark Shrine  
  41  3:56  Gateway  
  41  3:59  Probe (Chrono Boost)  
  42  4:02  Gateway  
  42  4:05  Gateway  
  43  4:10  Probe (Chrono Boost)  
  43  4:20  Probe (Chrono Boost)  
  43  4:22  Robotics Facility  
  44  4:31  Probe x2 (Chrono Boost)  
  46  4:33  Assimilator  
  46  4:37  Assimilator  
  46  4:41  Probe (Chrono Boost)  
  46  4:42  Probe (Chrono Boost)  
  48  4:48  Pylon  
  48  4:52  Probe x2 (Chrono Boost)  
  50  4:53  Pylon  
  50  4:57  Pylon  
  50  5:02  Probe (Chrono Boost)  
  50  5:03  Probe (Chrono Boost)  
  52  5:08  Gateway x2  
  52  5:13  Probe x2 (Chrono Boost)  
  54  5:14  Gateway  
  54  5:17  Gateway  
  54  5:19  Gateway  
  54  5:23  Probe (Chrono Boost)  
  54  5:25  Pylon  
  55  5:46  Warp Prism (Chrono Boost)  
  57  5:58  Nexus  
  57  6:01  Assimilator  
  57  6:04  Assimilator  
  57  6:12  Forge  
  57  6:13  Forge  
  57  6:15  Forge  
  57  6:21  Pylon  
  57  6:39  Warp Prism (Chrono Boost)  
  59  7:06  Dark Templar x4  
  59  7:07  Dark Templar x3  
  73  7:10  Dark Templar x2  
  56  8:45  Dark Templar x2  
  56  8:46  Dark Templar x6  
  56  8:47  Dark Templar  
  47  9:25  Stalker x5  
  47  9:26  Stalker x3  
  27  10:06  Nexus  
Tags
 
Add a new tag
Caveats
  • Supply blocks, unpowered buildings, or Contaminate may cause inaccurate times.
  • Supply counts are checked every 10 seconds.